 Dungeon Crawl Stone Soup version 0.29-a0-352-g0917bc69df (webtiles) character file.

Game seed: 8396622878385047704

1335 sokol815 the Carver (level 8, 0/78 HPs)
             Began as an Octopode Fire Elementalist on Apr 24, 2022.
             Succumbed to a scorpion's poison
             ... on level 6 of the Dungeon.
             The game lasted 00:14:01 (5944 turns).

sokol815 the Carver (Octopode Fire Elementalist)    Turns: 5944, Time: 00:14:02

Health: 0/78       AC:  5    Str:  7    XL:     8   Next: 61%
Magic:  6/11       EV: 13    Int: 26    God:
Gold:   280        SH:  0    Dex: 12    Spells: 10/11 levels left

rFire   . . .      SeeInvis .   a - +2 long sword (elec)
rCold   . . .      Faith    .   (no shield)
rNeg    . . .      Spirit   .   (helmet restricted)
rPois   .          Reflect  .   (no amulet)
rElec   .          Harm     .   I - +6 ring of intelligence
rCorr   .          Rampage  .   A - +4 ring of protection
Will    .....                   (no ring)
Stlth   ..........              (no ring)
HPRegen 0.23/turn               (no ring)
MPRegen 0.12/turn               (no ring)
                                (no ring)
                                (no ring)

@: berserking, lethally poisoned (0 -> -6), studying Translocations, very quick
A: almost no armour, amphibious, 8 rings, camouflage 1, gelatinous body 1,
(nimble swimmer 1), tentacles
a: no special abilities


You were on level 6 of the Dungeon.
You visited 1 branch of the dungeon, and saw 6 of its levels.

You collected 280 gold pieces.

Inventory:

Hand Weapons
 a - a +2 long sword of electrocution (weapon)
   (You found it on level 2 of the Dungeon)
 b - a +0 dagger of electrocution
   (You found it on level 1 of the Dungeon)
 c - a +0 war axe
   (You took it off an orc priest on level 4 of the Dungeon)
 h - a +0 hand crossbow
   (You found it on level 3 of the Dungeon)
 l - a +2 spear of venom
   (You took it off a gnoll on level 6 of the Dungeon)
Missiles
 e - 11 poisoned darts
 f - 2 javelins
 s - 170 stones
Jewellery
 A - a +4 ring of protection (right tentacle)
   (You found it on level 3 of the Dungeon)
 I - a +6 ring of intelligence (left tentacle)
   (You found it on level 2 of the Dungeon)
Wands
 i - a wand of iceblast (9)
   (You found it on level 5 of the Dungeon)
Scrolls
 d - a scroll of enchant armour
 g - a scroll of brand weapon
 O - a scroll of silence
 V - a scroll of vulnerability {!r!r}
 X - 3 scrolls of magic mapping {@r4!r}
Potions
 j - 2 potions of might {unknown}
 k - a potion of mutation {unknown}
 J - 3 potions of curing {@q1}
 L - 3 potions of flight
 M - 2 potions of magic
 N - a potion of heal wounds {@q2}
 T - a potion of berserk rage {!q}


   Skills:
 - Level 3.0 Fighting
 + Level 8.3 Long Blades
 - Level 2.0 Dodging
 - Level 2.6 Stealth
 - Level 2.0 Spellcasting
 - Level 4.0 Conjurations
 - Level 4.0 Fire Magic


You had 10 spell levels left.
You knew the following spells:

 Your Spells              Type           Power      Damage    Failure   Level
a - Foxfire               Conj/Fire      92%        2x1d8     1%          1

Your spell library contained the following spells:

 Spells                   Type           Power      Damage    Failure   Level
 Scorch                   Fire           46%        2d7       3%          2
 Conjure Flame            Conj/Fire      23%        6-21      6%          3
 Inner Flame              Hex/Fire       13%        N/A       14%         3
 Corpse Rot               Necr/Air       4%         N/A       16%         2
 Poisonous Vapours        Pois/Air       4%         N/A       16%         2
 Flame Wave               Conj/Fire      23%        2d7       21%         4
 Gell's Gravitas          Tloc           2%         N/A       30%         3
 Teleport Other           Tloc           2%         N/A       30%         3
 Dispersal                Tloc           1%         N/A       100%        6


Dungeon Overview and Level Annotations

Branches:
Dungeon (6/15)
 Temple: D:4-7

Altars:
Nemelex Xobeh
Trog
Xom

Shops:
D:4 !

Annotations:
D:4 Grinder
D:6 Dowan, Duvessa


Innate Abilities, Weirdness & Mutations

You cannot wear most types of armour.
You are amphibious.
You can wear up to eight rings at the same time.
Your skin changes colour to match your surroundings (Stealth+).
Your rubbery body absorbs attacks. (AC +1, EV +1)
((You are camouflaged when in or above water. (Stealth+)))
You have tentacles for arms and can constrict up to eight enemies at once.


Message History

You now have 5/11 mp.
You conjure some foxfire!
The foxfire hits Duvessa.
The foxfire hits Duvessa but does no damage.
The foxfire hits Duvessa.
Dowan reads a scroll.
Wisps of shadow swirl around Dowan.
You now have 4/11 mp.
Okay, then.
The foxfire hits the hound but does no damage.
The foxfire hits Duvessa but does no damage.
Dowan casts a spell.
Dowan blinks!
You hit Dowan. Your grab misses Dowan.
Dowan hits you with a +2 dagger of flaming!
Dowan burns you. The hound bites you but does no damage.
You take 8 damage, and have 37/52 hp.
Dowan hits you but does no damage.
Duvessa says, "When magic and the sword combine, nothing stands against them."
The hound bites you but does no damage. The hound attacks as you move away!
The hound bites you.
Dowan casts a spell.
Dowan blinks!
The killer bee stings you. The hound bites you. The killer bee misses you.
You take 11 damage, and have 27/52 hp.
MASSIVE DAMAGE!!
Okay, then.
The mass of ice explodes!
The iceblast engulfs the killer bee! x2
The killer bee closely misses you. x2; The hound closely misses you.
The killer bee stings you! The killer bee barely misses you.
The killer bee stings you but does no damage.
You take 7 damage, and have 20/52 hp.
Okay, then.
You feel much better. The killer bee stings you. The hound bites you.
The killer bee completely misses you. The killer bee stings you!
The killer bee barely misses you. The hound bites you but does no damage.
The killer bee stings you but does no damage.
The killer bee closely misses you.
You regained 9 hp, and now have 29/52 hp.
Really quaff
T - 2 potions of berserk rage {!q}?
A red film seems to cover your vision as you go berserk!
You feel yourself moving faster!
You feel mighty!
The killer bee buzzes angrily.
The killer bee closely misses you. The killer bee misses you.
The killer bee stings you.
Dowan hits you with a +2 dagger of flaming.
Dowan burns you. The hound bites you. The killer bee closely misses you.
The killer bee stings you!
The killer bee stings you but does no damage.
You now have 30/78 hp.
You barely miss the killer bee. Your grab misses the killer bee.
The hound misses you. Dowan gestures at you while chanting.
The puff of flame hits you!
* * * LOW HITPOINT WARNING * * *
The killer bee closely misses you.
The killer bee stings you but does no damage.
The killer bee closely misses you. The scorpion stings you.
* * * LOW HITPOINT WARNING * * *
You are poisoned.
The scorpion poisons you!
You take 12 damage, and have 18/78 hp.
You closely miss the scorpion. Your grab misses the scorpion.
You feel sick.
The killer bee stings you but does no damage.
The killer bee barely misses you. x2; The hound bites you but does no damage.
You take 2 damage, and have 16/78 hp.
Unknown command.
You hit the scorpion. Your grab misses the scorpion.
Your squeeze misses the scorpion.
You feel sick. The killer bee closely misses you.
The scorpion stings you but does no damage.
Dowan hits you with a +2 dagger of flaming.
* * * LOW HITPOINT WARNING * * *
Dowan burns you.
* * * LOW HITPOINT WARNING * * *
The hound barely misses you.
You take 5 damage, and have 11/78 hp.
Unknown command.
You miss the killer bee. Your grab misses the killer bee.
Your squeeze misses the killer bee.
You feel sick. The killer bee barely misses you. x2
The scorpion stings you but does no damage.
Dowan hits you but does no damage. The hound bites you.
* * * LOW HITPOINT WARNING * * *
The killer bee barely misses you. The killer bee closely misses you.
The killer bee barely misses you.
You take 3 damage, and have 8/78 hp.
You miss the killer bee. Your grab misses the killer bee.
Your squeeze misses the killer bee.
* * * LOW HITPOINT WARNING * * *
You feel sick. The killer bee barely misses you.
The killer bee stings you but does no damage. x2
The scorpion stings you.
* * * LOW HITPOINT WARNING * * *
The hound bites you.
* * * LOW HITPOINT WARNING * * *
You take 7 damage, and have 1/78 hp.
You hit the killer bee.
You kill the killer bee!
The killer bee's corpse dissolves into shadows!
You die...

#......#...!.#.)#..........
##.....#.$...#.............
#......##.:.##.........##..
##......#####........## #..
##...............y...####..
#..........).##.>.....#....
##............##............
#.......)...ye##s..........#.
#............@h#..............
###.........sy.y..............
##.........e.......#........
#....#.#..........#....#.##
######.##.............####.
###.............## ##
##......#...### ##...####...#
##### ##..#


You could see Duvessa, Dowan, a scorpion (summoned), a hound and 3 killer bees.

Vanquished Creatures
  A sky beast (D:6)
  A black bear (D:5)
  2 centaurs (D:6)
  A bullfrog (D:4)
  A necrophage (D:3)
  A gnoll sergeant (D:6)
  A scorpion (D:6)
  4 orc priests (D:4)
  A gnoll shaman (D:6)
  A jelly (D:4)
  4 hounds
  2 iguanas
  An orc wizard (D:6)
  9 gnolls
  10 adders
  2 worms
  A dart slug (D:4)
  7 orcs
  5 ball pythons
  2 bats
  13 endoplasms
  2 giant cockroaches
  7 goblins
  6 hobgoblins (D:3)
  A jackal (D:3)
  5 kobolds
  5 quokkas
  2 frilled lizards
  4 rats
102 creatures vanquished.

Vanquished Creatures (collateral kills)
  An ice beast (D:5)
  A jelly (D:5)
2 creatures vanquished.

Vanquished Creatures (others)
  267 foxfires
267 creatures vanquished.

Grand Total: 371 creatures vanquished

Notes
Turn   | Place    | Note
-------+----------+-------------------------------------------
     0 | D:1      | sokol815 the Octopode Fire Elementalist began the quest for
                  | the Orb.
     0 | D:1      | Reached XP level 1. HP: 11/11 MP: 3/3
   135 | D:1      | Found a faded altar of an unknown god.
   292 | D:1      | Reached XP level 2. HP: 17/17 MP: 0/5
  1001 | D:2      | Found a sparkling altar of Nemelex Xobeh.
  1160 | D:2      | Reached skill level 2 in Conjurations
  1160 | D:2      | Reached XP level 3. HP: 22/22 MP: 2/6
  2369 | D:3      | Reached skill level 1 in Long Blades
  2372 | D:3      | Reached XP level 4. HP: 27/27 MP: 1/7
  2452 | D:3      | Found a shimmering altar of Xom.
  2465 | D:3      | Reached skill level 1 in Fighting
  2590 | D:3      | Noticed a necrophage
  2650 | D:3      | Killed a necrophage
  2651 | D:3      | Reached skill level 2 in Long Blades
  2651 | D:3      | Reached skill level 4 in Fire Magic
  2651 | D:3      | Reached XP level 5. HP: 30/34 MP: 3/8
  2780 | D:3      | Reached skill level 2 in Fighting
  2780 | D:3      | Reached skill level 3 in Conjurations
  3423 | D:4      | Found Pimohipt's Distillery.
  3451 | D:4      | Reached XP level 6. HP: 25/40 MP: 9/9
  3737 | D:4      | Found a bloodstained altar of Trog.
  4036 | D:4      | Reached skill level 3 in Fighting
  4036 | D:4      | Reached skill level 3 in Long Blades
  4195 | D:4      | Noticed Grinder
  4210 | D:4      | Reached skill level 4 in Conjurations
  4285 | D:5      | Entered Level 5 of the Dungeon
  4302 | D:5      | Reached XP level 7. HP: 37/46 MP: 10/10
  4389 | D:5      | Reached skill level 4 in Long Blades
  4553 | D:5      | Reached skill level 5 in Long Blades
  4760 | D:5      | Reached skill level 6 in Long Blades
  4811 | D:5      | Found a sparkling altar of Nemelex Xobeh.
  5220 | D:6      | Reached XP level 8. HP: 52/52 MP: 7/11
  5599 | D:6      | Noticed Duvessa
  5611 | D:6      | Reached skill level 7 in Long Blades
  5843 | D:6      | Reached skill level 8 in Long Blades
  5924 | D:6      | Noticed Dowan
  5939 | D:6      | HP: 18/78 [scorpion[Dowan] (5)]
  5942 | D:6      | HP: 8/78 [hound (2)]
  5943 | D:6      | HP: 3/78 [scorpion[Dowan] (4)]
  5943 | D:6      | HP: 1/78 [hound (2)]
  5944 | D:6      | Succumbed to a scorpion's poison

Illustrated notes

Levels and vault maps discovered:
D:1:      minmay_arrival_shattered_statue, layout_rooms,
          shapermc_ecumenical_altar_mp_ritualfount
D:2:      layout_basic, basic_altar, hangedman_abyss_or_decor_lesser_grid,
          serial_park_tiny_pond
D:3:      cheibrodos_greedy_goblins, layout_basic, xom_confusion_cloud
D:4:      layout_basic, mainiacjoe_overflow_surrounded_room,
          general_overflow_altar, serial_shops, shop, hangedman_decor_push,
          minivault_25, minmay_manual_mess, uniq_grinder
D:5:      layout_basic, mainiacjoe_overflow_24_doors
D:6:      layout_cave_pools, minmay_temple_entry_glass, minmay_joined_circles,
          uniq_duvessa

Skill      XL: |  1  2  3  4  5  6  7  8 |
---------------+-------------------------+-----
Conjurations   | 2 3 4 |  4.0
Long Blades    | 1 2 3 6 8 |  8.3
Fighting       | 1 2 3 |  3.0
Fire Magic     | 4 |  4.0
Dodging        | |  2.0
Stealth        | |  2.6
Spellcasting   | |  2.0

Action                   |  1- 3 |  4- 6 |  7- 9 || total
-------------------------+-------+-------+-------++-------
Melee: Dagger            |     2 |       |       ||     2
       Long sword        |    15 |    60 |    37 ||   112
       Constrict         |     3 |    16 |     7 ||    26
       Tentacles         |     4 |     9 |    15 ||    28
       Punch             |       |     3 |       ||     3
Throw: Stone             |    18 |       |       ||    18
 Cast: Foxfire           |    51 |    31 |    72 ||   154
Evoke: Wand              |       |       |     1 ||     1
  Use: Scroll            |    10 |     4 |     2 ||    16
       Potion            |       |     1 |     3 ||     4
 Stab: Sleeping          |     3 |     2 |     3 ||     8
       Distracted        |       |     1 |       ||     1
Armor: Skin              |     2 |     9 |    20 ||    31
Dodge: Dodged            |    12 |    42 |    52 ||   106

Table legend: (Time is in decaauts)
 A = Elapsed time spent in this place.
 B = Non-inter-level travel time spent in this place.
 C = Inter-level travel time spent in this place.
 D = Time resting spent in this place.
 E = Time spent auto-exploring this place.
 F = Levels seen in this place.
 G = Mean time per level.
                   A        B        C        D        E       F      G
               +--------+--------+--------+--------+--------+-----+--------+
         Total |   5934 |   5758 |    176 |   1430 |   3529 |   6 |  989.0 |
       Dungeon |   5934 |   5758 |    176 |   1430 |   3529 |   6 |  989.0 |
               +--------+--------+--------+--------+--------+-----+--------+

Top non-repeatable levels by time:
     D:2: 1261 daAuts
     D:5: 1182 daAuts
     D:3: 1159 daAuts
     D:4: 1057 daAuts
     D:1: 809 daAuts
     D:6: 463 daAuts

Table legend:
 A = Kills in this place as a percentage of kills in entire the game.
 B = Kills by you in this place as a percentage of kills by you in the entire game.
 C = Kills by friends in this place as a percentage of kills by friends in the entire game.
 D = Other kills in this place as a percentage of other kills in the entire game.
 E = Experience gained in this place as a percentage of experience gained in the entire game.
 F = Experience gained in this place divided by the number of levels of this place that you have seen.
                   A       B       C       D       E      F
               +-------+-------+-------+-------+-------+----------------------
         Total | 100.0 | 100.0 | 100.0 |   N/A | 100.0 | 318.0
       Dungeon | 100.0 | 100.0 | 100.0 |   N/A | 100.0 | 318.0
               +-------+-------+-------+-------+-------+----------------------
